 Dungeon Crawl Stone Soup version 0.31-a0-233-g139696dc86 (webtiles) character file.

Game seed: 1350184929041893828

185 qw the Shooter (level 5, 0/30 HPs)
             Began as a Gargoyle Hexslinger on July 8, 2023.
             Slain by an orc wizard
             ... wielding a +0 dagger
              (2 damage)
             ... on level 4 of the Dungeon.
             The game lasted 00:01:09 (2280 turns).

qw the Shooter (Gargoyle Hexslinger)                Turns: 2280, Time: 00:01:10

Health: 0/30       AC: 11    Str: 12    XL:     5   Next: 64%
Magic:  6/6        EV: 10    Int: 13    God:
Gold:   103        SH:  0    Dex: 14    Spells: 5/6 levels left

rFire   . . .        Y - +1 sling
rCold   . . .        (no shield)
rNeg    + . .        k - +0 ring mail
rPois   inf          (no helmet)
rElec   +            d - +0 cloak
rCorr   .            (no gloves)
SInv    .            e - +0 pair of boots
Will    .....        (no amulet) Stlth
                     (no ring)
HPRegen 0.25/turn    (no ring)
MPRegen 0.10/turn

%: no passive effects
@: confused
A: sickness immunity, AC +4, negative energy resistance 1, electricity
resistance, torment resistance 1, petrification resistance
a: no special abilities


You were on level 4 of the Dungeon.
You visited 1 branch of the dungeon, and saw 4 of its levels.

You collected 103 gold pieces.


Innate Abilities, Weirdness & Mutations

You are immune to sickness and miasma.
Your stone body is resilient. (AC +4)
You are immune to poison.
You resist negative energy. (rN+)
You are resistant to electric shocks. (rElec)
You are resistant to unholy torment.
You are immune to petrification.


   Skills:
 + Level 2.3 Fighting
 - Level 5.1 Ranged Weapons
 - Level 1.1 Armour
 - Level 1.5 Dodging
 - Level 1.0 Spellcasting
 - Level 2.6 Hexes


You had 5 spell levels left.
You knew the following spells:

 Your Spells              Type           Power      Damage    Failure   Level
a - Slow                  Hex            28%        N/A       22%         1

Your spell library contained the following spells:

 Spells                   Type           Power      Damage    Failure   Level
 Inner Flame              Hex/Fire       4%         N/A       73%         3
 Portal Projectile        Hex/Tloc       8%         N/A       73%         3
 Cause Fear               Hex            3%         N/A       91%         4

Inventory:

Hand Weapons
 Y - a +1 sling (weapon)
Armour
 d - a +0 cloak (worn)
 e - a +0 pair of boots (worn)
 k - a +0 ring mail (worn)
Wands
 i - a wand of digging (8)
Scrolls
 a - a scroll of identify
Potions
 h - a potion of resistance {unknown}

Dungeon Overview and Level Annotations

Branches:
Dungeon (4/15)
 Temple: D:4-7

Altars:
Kikubaaqudgha


Message History

You shoot a sling bullet.
The sling bullet hits the orc priest but does no damage.
The orc priest is moderately wounded.
Something hits you but does no damage.
The orc priest hits you with a +0 short sword.
You shoot a sling bullet. The sling bullet hits the orc priest.
The orc priest is moderately wounded.
Something hits you but does no damage. The orc priest closely misses you.
You shoot a sling bullet. The sling bullet hits the orc priest.
The orc priest is severely wounded.
Something hits you. The orc priest barely misses you. x2
Something hits you but does no damage.
You shoot a sling bullet. The sling bullet hits the orc priest.
The orc priest is severely wounded.
The orc priest hits you but does no damage.
Something hits you but does no damage.
You shoot a sling bullet.
The sling bullet hits the orc priest but does no damage.
The orc priest is severely wounded.
The orc priest closely misses you. Something hits you but does no damage.
You shoot a sling bullet. The sling bullet hits the orc priest.
The orc priest is severely wounded.
You hear some strange, mumbled words.
A puff of flame appears from out of thin air!
The puff of flame hits you but does no damage.
The orc priest miscasts a cantrip.
You shoot a sling bullet. The sling bullet hits the orc priest.
The orc priest is almost dead.
Something hits you but does no damage.
The orc priest looks satisfied for a moment.
The orc priest closely misses you.
You hear some strange, mumbled words.
You are confused.
The orc priest closely misses you. Something hits you but does no damage.
The orc priest hits you but does no damage.
Something hits you but does no damage. Something hits you.
The orc priest hits you but does no damage.
Something hits you.
You die...

.. .. #.#
##.##
....##...##
#.)#..#..##
.).###..#
#..#...#
#o{...#
#@.#.# #.#
##...# #.#
###.# #.#
#.# #.# ##
#.# #.#..#
#.# ###
#.##.# #.#
..# ##.##.#
#.# #.#
##..##.####
#.#


You could see an orc priest.

Vanquished Creatures
  Jessica (D:2)
  An iguana (D:3)
  Terence (D:2)
  2 adders
  3 dart slugs
  5 orcs
  2 endoplasms
  3 giant cockroaches
  8 goblins
  18 hobgoblins
  2 jackals (D:1)
  4 kobolds
  3 quokkas
  10 ball pythons
  3 bats
  5 frilled lizards
  4 rats
75 creatures vanquished.

Notes
Turn   | Place    | Note
-------+----------+-------------------------------------------
     0 | D:1      | qw the Gargoyle Hexslinger began the quest for the Orb.
     0 | D:1      | Reached XP level 1. HP: 12/12 MP: 2/2
     0 | D:1      | 0 ||| qw: Version: 0.3-a-46-gb1f654a
     0 | D:1      | 0 ||| qw: Game counter: 3374
     0 | D:1      | 0 ||| qw: Melee chars always use a shield: true
     0 | D:1      | 0 ||| qw: God list: Okawaru
     0 | D:1      | 0 ||| qw: Allow faded altars: false
     0 | D:1      | 0 ||| qw: Do Orc after clearing Dungeon:15 true
     0 | D:1      | 0 ||| qw: Do second Lair branch before Depths: true
     0 | D:1      | 0 ||| qw: Lair rune preference: random
     0 | D:1      | 0 ||| qw: Goals: Normal
     0 | D:1      | 0 ||| PLANNING D:1-11
    79 | D:1      | Reached XP level 2. HP: 16/16 MP: 3/3
   126 | D:1      | Reached skill level 3 in Ranged Weapons
   185 | D:1      | Reached XP level 3. HP: 16/21 MP: 4/4
   583 | D:1      | 583 ||| UPGRADING to +0 cloak.
   588 | D:1      | 588 ||| READING scroll labelled POFREIROXE.
   589 | D:1      | 589 ||| DROPPING scroll of poison.
   725 | D:2      | Noticed Jessica
   735 | D:2      | Reached XP level 4. HP: 16/26 MP: 5/5
   735 | D:2      | Killed Jessica
   736 | D:2      | Reached skill level 4 in Ranged Weapons
   927 | D:2      | Noticed Terence
   936 | D:2      | Killed Terence
   937 | D:2      | Reached XP level 5. HP: 25/30 MP: 6/6
  1103 | D:2      | 1103 ||| UPGRADING to +0 pair of boots.
  1108 | D:2      | 1108 ||| UPGRADING to +0 leather armour.
  1118 | D:2      | 1118 ||| DROPPING +0 robe.
  1119 | D:2      | 1119 ||| UPGRADING to +0 ring mail.
  1129 | D:2      | 1129 ||| DROPPING +0 leather armour.
  1130 | D:2      | 1130 ||| READING 2 scrolls labelled KUUL XOEDOO.
  1131 | D:2      | 1131 ||| READING scroll labelled FUN ANUBLU.
  1132 | D:2      | 1132 ||| READING scroll labelled BIBAIW UFOMYESOAC.
  1136 | D:2      | 1136 ||| DRINKING 2 coppery potions.
  1206 | D:3      | Found an ancient bone altar of Kikubaaqudgha.
  1449 | D:3      | Reached skill level 1 in Armour
  1726 | D:3      | HP: 6/30 [iguana (2)]
  1726 | D:3      | HP: 2/30 [hobgoblin (4)]
  1727 | D:3      | 1727 ||| READING scroll of teleportation.
  1728 | D:3      | 1728 ||| DRINKING 2 potions of heal wounds.
  1732 | D:3      | Reached skill level 5 in Ranged Weapons
  2006 | D:3      | 2006 ||| DRINKING 2 golden potions.
  2007 | D:3      | 2007 ||| READING 2 scrolls of identify.
  2007 | D:3      | 2007 ||| IDENTIFYING fuming emerald potion
  2008 | D:3      | 2008 ||| DROPPING potion of brilliance.
  2216 | D:4      | 2216 ||| DRINKING potion of curing.
  2216 | D:4      | 2216 ||| (to cure confusion)
  2240 | D:4      | HP: 6/30 [orc/+0 falchion (4)]
  2241 | D:4      | 2241 ||| DRINKING 2 potions of heal wounds.
  2262 | D:4      | HP: 7/30 [something (2)]
  2263 | D:4      | 2263 ||| DRINKING potion of heal wounds.
  2269 | D:4      | HP: 6/30 [something (3)]
  2270 | D:4      | HP: 1/30 [orc priest/+0 short sword (5)]
  2279 | D:4      | HP: 2/30 [something (1)]
  2280 | D:4      | Slain by an orc wizard

Levels and vault maps discovered:
D:1:      lightli_arrival_boilingwater, layout_basic, st_stairs_7,
          grunt_decor_arrowhead
D:2:      layout_rooms, uniq_jessica, uniq_terence
D:3:      minmay_inner_zag, layout_basic, mainiacjoe_overflow_alcove_2
D:4:      layout_loops_ring, nicolae_uskayaw_dance_hall,
          overflow_temple_1_default, serial_glass, glass_columns_a,
          glass_columns_a, glass_columns_c, glass_columns_a, item_on_display_a,
          feat_on_display, item_on_display_a, minmay_strange_pillars,
          abandoned_shop, kennysheep_cluttered_room,
          nicolae_twisty_statue_hallways

Skill      XL: |  1  2  3  4  5 |
---------------+----------------+-----
Ranged Weapons | 3 4 5 |  5.1
Fighting       | 2 |  2.3
Armour         | 1 |  1.1
Dodging        | |  1.5
Spellcasting   | |  1.0
Hexes          | |  2.6

Action                     |  1- 3 |  4- 6 || total
---------------------------+-------+-------++-------
   Fire: Sling             |   130 |   166 ||   296
    Use: Scroll            |     1 |     5 ||     6
         Potion            |       |     6 ||     6
 Armour: Robe              |    31 |     1 ||    32
         Ring mail         |       |    92 ||    92
  Dodge: Dodged            |    45 |    91 ||   136

Table legend:
 A = Non-vault XP
 B = Vault XP
 C = Vault XP percentage of total XP
 D = Non-vault monster count
 E = Vault monster count
 F = Vault count percentage of total count
                 A         B        C        D         E       F
            +---------+---------+-------+---------+---------+-------
      Total |     182 |      83 |  31.3 |      67 |       8 |  10.7
            +---------+---------+-------+---------+---------+-------
        D:1 |      58 |       2 |   3.3 |      33 |       1 |   2.9
        D:2 |      33 |      73 |  68.9 |      13 |       2 |  13.3
        D:3 |      79 |       8 |   9.2 |      16 |       5 |  23.8
        D:4 |      12 |       0 |   0.0 |       5 |       0 |   0.0
            +---------+---------+-------+---------+---------+-------
